 Dungeon Crawl Stone Soup version 0.18-a0-1159-gf481d65 (webtiles) character file.

18153 RedPan the Devastator (level 12, -9/101 HPs)
             Began as a Mottled Draconian Conjurer on Jan 24, 2016.
             Was a High Priest of Vehumet.
             Mangled by a minotaur
             ... wielding a +3 rod of clouds (0/12)
              (22 damage)
             ... in a labyrinth.
             The game lasted 01:04:17 (16623 turns).

RedPan the Devastator (Mottled Draconian Conjurer) Turns: 16623, Time: 01:04:17

Health: -9/101     AC: 11    Str: 11    XL:     12   Next: 25%
Magic:  25/33      EV: 15    Int: 22    God:    Vehumet [*****.]
Gold:   620        SH:  0    Dex: 12    Spells: 5 memorised, 12 levels left

rFire  . . .     SeeInvis .     p - +4 scimitar (flame)
rCold  . . .     Gourm    +     (armour unavailable)
rNeg   . . .     Faith    .     (no shield)
rPois  .         Spirit   .     (helmet restricted)
rElec  .         Dismiss  .     (no cloak)
rCorr  .         Reflect  .     D - +1 pair of gloves
SustAt .         Harm     .     d - +0 pair of boots
MR     .....                    I - amulet of the gourmand
Stlth  ++........               u - ring of wizardry
                                l - ring of magical power

@: not resistant to hostile enchantments, unstealthy
A: breathe sticky flame splash, unfitting armour, clever 1, wild magic 2,
cold-blooded, AC +8
a: Breathe Sticky Flame, Renounce Religion


You were in a labyrinth.
You worshipped Vehumet.
Vehumet was extremely pleased with you.
You were very full.

You visited 3 branches of the dungeon, and saw 12 of its levels.
You also visited: Labyrinth and Sewer.

You collected 620 gold pieces.

Inventory:

Hand Weapons
 g - a +2 short sword of venom
 h - a +0 spear
 o - a +1 dagger of venom
 p - a +4 scimitar of flaming (weapon)
Armour
 d - a +0 pair of boots (worn)
 D - a +1 pair of gloves (worn)
Magical Staves
 H - an uncursed staff of poison {unknown}
Jewellery
 l - a ring of magical power (left hand)
 t - an uncursed ring of positive energy
 u - a ring of wizardry (right hand)
 w - an uncursed ring of protection from cold
 I - an amulet of the gourmand (around neck)
 K - an uncursed ring of see invisible
 L - a +1 ring of slaying
Wands
 r - a wand of slowing (33/48)
 O - a wand of frost (27/48)
Scrolls
 c - a scroll of enchant armour
 e - 2 scrolls of amnesia
 i - 2 scrolls of identify
 j - 3 scrolls of recharging
 k - a scroll of teleportation
 n - a scroll of fear
 q - a scroll of noise
 y - 8 scrolls of remove curse
 B - a scroll of fog
 C - 4 scrolls of magic mapping
 Q - a scroll of vulnerability {unknown}
 S - a scroll of blinking
 T - a scroll of torment {unknown}
 V - a scroll of enchant weapon {unknown}
Potions
 f - 2 potions of flight
 s - a potion of might
 x - a potion of lignification
 z - 6 potions of curing
 G - 2 potions of agility
 N - a potion of brilliance
Books
 a - a book of Conjurations

   Spells                             Type                      Level
   a - Magic Dart                     Conjuration                  1
   b - Searing Ray                    Conjuration                  2
   c - Dazzling Spray                 Conjuration/Hexes            3
   d - Fulminant Prism                Conjuration/Hexes            4
   e - Iskenderun's Mystic Blast      Conjuration                  4
   f - Iskenderun's Battlesphere      Conjuration/Charms           5
 E - a book of Necromancy

   Spells                             Type                      Level
   a - Pain                           Necromancy                   1
   b - Animate Skeleton               Necromancy                   1
   c - Vampiric Draining              Necromancy                   3
   d - Regeneration                   Charms/Necromancy            3
   e - Animate Dead                   Necromancy                   4
   f - Control Undead                 Necromancy                   4
 R - a book of Maledictions

   Spells                             Type                      Level
   a - Corona                         Hexes                        1
   b - Ensorcelled Hibernation        Hexes/Ice                    2
   c - Confuse                        Hexes                        3
   d - Tukima's Dance                 Hexes                        3
   e - Dazzling Spray                 Conjuration/Hexes            3
 U - the Catalogue of Ashen Transmutation
   (You found it on level 10 of the Dungeon)

   Spells                             Type                      Level
   a - Sandblast                      Earth                        1
   b - Beastly Appendage              Transmutation                1
   c - Passwall                       Transmutation/Earth          3
   d - Petrify                        Transmutation/Earth          4
   e - Lee's Rapid Deconstruction     Earth                        5
   f - Alistair's Intoxication        Transmutation/Poison         5
Comestibles
 b - 8 bread rations
 m - 5 meat rations
 F - 2 slices of pizza
 J - 3 fruits
 M - 7 beef jerkies
 P - a royal jelly


   Skills:
 - Level 8.0 Fighting
 * Level 7.0 Dodging
 - Level 1.7 Stealth
 + Level 8.2 Spellcasting
 - Level 15.0 Conjurations
 - Level 0.2 Fire Magic


You had 12 spell levels left.
You knew the following spells:

 Your Spells              Type           Power        Failure   Level  Hunger
a - Magic Dart            Conj           ####         1%          1    None
b - Iskenderun's Mystic   Conj           ########     1%          4    ###....
c - Flame Tongue          Conj/Fire      #####        1%          1    None
d - Iskenderun's Battles  Conj/Chrm      ######..     4%          5    #####..
e - Sticky Flame          Conj/Fire      ######..     2%          4    ###....


Dungeon Overview and Level Annotations

Branches:
Dungeon (10/15)            Temple (1/1) D:4            Lair (1/8) D:10
    Orc: D:9-12

Altars:
Ashenzari
Cheibriados
Dithmenos
Elyvilon
Fedhas
Gozag
Kikubaaqudgha
Makhleb
Nemelex Xobeh
Okawaru
Pakellas
Qazlal
Ru
Sif Muna
Trog
Vehumet
Xom
Yredelemnul
Zin
The Shining One


Innate Abilities, Weirdness & Mutations

You can spit globs of burning liquid.
You can ignite nearby creatures when you spit burning liquid.
Your weird mottled scales are hard (AC +8).
Your body does not fit into most forms of armour.
You are cold-blooded and may be slowed by cold attacks.
Your mind is acute. (Int +2)
Your spells are harder to cast, but more powerful.


Message History

* * * LOW HITPOINT WARNING * * *
The minotaur gores you but does no damage.
You're too confused to cast spells.
Unknown command.
You're too confused!
Unknown command.
You're too confused!
Unknown command.
Drink which item? (? for menu, Esc to quit)
You feel much better.
You are engulfed in noxious fumes.
You choke on the stench!
You are more confused.
The minotaur hits you with a rod of clouds!!
* * * LOW HITPOINT WARNING * * *
The minotaur gores you!
* * * LOW HITPOINT WARNING * * *
Drink which item? (? for menu, Esc to quit)
You feel better.
You are engulfed in noxious fumes.
The minotaur hits you with a rod of clouds!!
You die...

. #####
# #
#.... ..
#.# ##.#
## #.# #
# . .
#.# #.#
## #.#
#..#*#
#.## ..
#. ...
#.# ..
#.# #.
#.#@###.
.# # ..
..#.
#.H§..#
#..# #
## .#. #
#######
..# #
......
.. ..# #
# #
#.... #
#. # #..
#.#. ...
### #.#.
.# #...
# ##
#.##


You could see a minotaur and a friendly battlesphere.

Vanquished Creatures
  An orc warlord (D:9)
  Erica (D:8)
  3 skeletal warriors
  2 hill giants (D:10)
  An orc knight (D:9)
  A cyclops (D:8)
  A spiny frog (Lair:1)
  2 trolls (D:9)
  A two-headed ogre (D:10)
  4 blink frogs (Lair:1)
  A wraith (D:8)
  3 wyverns
  13 yaks
  2 hippogriffs
  Grum (D:8)
  A hungry ghost (D:8)
  18 wargs
  4 wolves (D:8)
  2 water moccasins
  An eye of draining (D:8)
  2 ice beasts
  3 sky beasts
  10 orc warriors
  5 ogres
  6 centaurs
  3 crocodiles
  3 big kobolds (Sewer)
  7 giant frogs
  A water moccasin zombie (D:9)
  A scorpion (D:9)
  3 killer bees (D:9)
  4 wights (D:9)
  A lava snake (D:8)
  5 crimson imps
  A centaur zombie (D:8)
  A quasit (D:10)
  3 jellies
  5 hounds
  10 orc priests
  14 orc wizards
  2 centaur skeletons
  A giant frog skeleton (D:4)
  Ijyb (D:2)
  Terence (D:3)
  2 iguanas
  5 worker ants
  2 killer bee zombies
  A hound zombie (D:6)
  A hound skeleton (D:7)
  4 worker ant zombies
  6 gnolls
  12 adders
  2 river rats
  6 oozes
  2 adder skeletons
  4 worms
  6 giant geckos
  59 orcs
  6 bats
  9 giant cockroaches
  15 goblins
  7 hobgoblins
  7 jackals
  5 quokkas
  4 ball pythons
  5 giant newts
  4 kobolds
  15 rats
  A plant (D:1)
346 creatures vanquished.

Vanquished Creatures (others)
  A plant (D:9)
1 creature vanquished.

Grand Total: 347 creatures vanquished

Notes
Turn   | Place    | Note
--------------------------------------------------------------
     0 | D:1      | RedPan the Draconian Conjurer began the quest for the Orb.
     0 | D:1      | Reached XP level 1. HP: 14/14 MP: 3/3
   271 | D:1      | Reached XP level 2. HP: 14/20 MP: 0/5
   652 | D:1      | Reached XP level 3. HP: 26/26 MP: 6/6
  1299 | D:2      | Reached skill level 5 in Conjurations
  1393 | D:2      | Found a basalt altar of Yredelemnul.
  1393 | D:2      | Found a snail-covered altar of Cheibriados.
  1393 | D:2      | Found a sacrificial altar of Ru.
  1430 | D:2      | Reached XP level 4. HP: 33/33 MP: 8/8
  1491 | D:2      | Found a faded altar to an unknown god.
  1558 | D:2      | Noticed Ijyb
  1569 | D:2      | Killed Ijyb
  2152 | D:2      | Gained mutation: Your mind is acute. (Int +2) [potion of mutation]
  2152 | D:2      | Gained mutation: Your spells are a little harder to cast, but a little more powerful. [potion of mutation]
  2152 | D:2      | Gained mutation: Your spells are harder to cast, but more powerful. [potion of mutation]
  2168 | D:3      | Noticed Terence
  2181 | D:3      | Killed Terence
  2287 | D:3      | Reached XP level 5. HP: 38/38 MP: 9/9
  2362 | D:3      | Found a shimmering altar of Xom.
  2468 | D:3      | Reached skill level 6 in Conjurations
  3179 | D:4      | Reached XP level 6. HP: 31/45 MP: 11/11
  3408 | D:4      | Reached skill level 7 in Conjurations
  3542 | D:4      | Found a white marble altar of Elyvilon.
  3642 | D:4      | Found a radiant altar of Vehumet.
  3645 | D:4      | Became a worshipper of Vehumet
  3722 | D:4      | Found a glowing drain.
  3729 | Sewer    | Entered a sewer
  3891 | Sewer    | Reached XP level 7. HP: 50/50 MP: 13/13
  3891 | Sewer    | Your scales start taking on a weird mottled colour.
  4307 | D:4      | Found a staircase to the Ecumenical Temple.
  4482 | D:4      | Reached skill level 8 in Conjurations
  4520 | D:4      | Learned a level 4 spell: Iskenderun's Mystic Blast
  4632 | Temple   | Entered the Ecumenical Temple
  4733 | D:5      | Entered Level 5 of the Dungeon
  5160 | D:5      | Reached skill level 5 in Spellcasting
  5315 | D:5      | Reached XP level 8. HP: 34/57 MP: 15/15
  5565 | D:5      | Found a bloodstained altar of Trog.
  6302 | D:6      | Reached skill level 9 in Conjurations
  6358 | D:6      | Reached * piety under Vehumet
  6358 | D:6      | Offered knowledge of Flame Tongue by Vehumet.
  6460 | D:6      | Learned a level 1 spell: Flame Tongue
  6960 | D:7      | Found an opulent altar of Gozag.
  7459 | D:7      | Reached skill level 10 in Conjurations
  7794 | D:7      | Found an opulent altar of Gozag.
  7795 | D:7      | Found a sparkling altar of Nemelex Xobeh.
  8065 | D:8      | Reached XP level 9. HP: 56/62 MP: 18/18
  8123 | D:8      | Reached skill level 11 in Conjurations
  8817 | D:8      | Reached ** piety under Vehumet
  8991 | D:8      | Reached skill level 12 in Conjurations
  9008 | D:8      | Offered knowledge of Freeze by Vehumet.
  9026 | D:8      | Noticed Grum
  9238 | D:8      | Killed Grum
  9308 | D:8      | Noticed Erica
  9325 | D:8      | Killed Erica
  9325 | D:8      | Reached skill level 13 in Conjurations
  9325 | D:8      | Reached XP level 10. HP: 37/69 MP: 11/19
  9790 | D:8      | Noticed a cyclops
  9873 | D:8      | Killed a cyclops
 10584 | D:9      | Reached skill level 14 in Conjurations
 11308 | D:9      | Offered knowledge of Throw Flame by Vehumet.
 11482 | D:9      | Noticed an orc knight
 11897 | D:9      | Reached *** piety under Vehumet
 12100 | D:9      | Reached skill level 15 in Conjurations
 12107 | D:9      | Learned a level 5 spell: Iskenderun's Battlesphere
 12157 | D:9      | Reached skill level 1 in Fighting
 12360 | D:9      | Offered knowledge of Sticky Flame by Vehumet.
 12362 | D:9      | Reached XP level 11. HP: 78/78 MP: 21/21
 12368 | D:9      | Learned a level 4 spell: Sticky Flame
 12447 | D:9      | Killed an orc knight
 12903 | D:9      | Reached **** piety under Vehumet
 13019 | D:9      | Offered knowledge of Mephitic Cloud by Vehumet.
 13259 | D:9      | Noticed an orc warlord
 13266 | D:9      | Killed an orc warlord
 13544 | D:9      | Reached skill level 5 in Fighting
 13677 | D:9      | Reached skill level 5 in Dodging
 13725 | D:10     | Entered Level 10 of the Dungeon
 14301 | D:10     | Noticed a hill giant
 14308 | D:10     | Killed a hill giant
 14419 | D:10     | Noticed a hill giant
 14422 | D:10     | Killed a hill giant
 14424 | D:10     | Reached ***** piety under Vehumet
 14498 | D:10     | Offered knowledge of Airstrike by Vehumet.
 14769 | D:10     | Identified the Catalogue of Ashen Transmutation
 14775 | D:10     | Found a staircase to the Lair.
 14922 | D:10     | Noticed a skeletal warrior
 14925 | D:10     | Noticed a skeletal warrior
 14928 | D:10     | Noticed a skeletal warrior
 14928 | D:10     | Killed a skeletal warrior
 14928 | D:10     | Reached XP level 12. HP: 98/100 MP: 11/23
 15880 | Lair:1   | Entered Level 1 of the Lair of Beasts
 16104 | Lair:1   | Found a labyrinth entrance.
 16115 | Lab      | Entered a labyrinth
 16609 | Lab      | Noticed a minotaur
 16622 | Lab      | HP: 3/101 [minotaur/rod of clouds (8)]
 16623 | Lab      | Identified a +3 rod of clouds (0/12)
 16623 | Lab      | Mangled by a minotaur

Vault maps used:
D:1:      lightli_arrival_farm, serial_bayou, serial_bayou_pond_b,
          serial_bayou_lake_a, serial_bayou_crossing, serial_bayou_lagoon_a
D:2:      gammafunk_temple_overflow_forgotten, first_bread, ecumenical_altar_1,
          uniq_iyjb
D:3:      lemuel_round_altar, uniq_terence
D:4:      nicolae_overflow_hidden_temple, kennysheep_mini_moat,
          minmay_temple_entry_enclosed_plants, portal_sewer_entry_e,
          serial_park_tiny_1
D:5:      basic_altar
D:7:      kennysheep_spiral_hall, grunt_temple_overflow_opulence,
          grunt_ogre_cave, nicolae_gozag_seed_capital
D:8:      kennysheep_big_flooded_room, uniq_erica, uniq_grum
D:9:      lemuel_castle_with_subvaults
D:10:     david_lair_generic
Temple:   temple_eino_lava_12
Lair:1:   lab_entry_generic
Lab:      labyrinth_spiral, labyrinth_skeletal_remains
Sewer:    sewer_co_15_rooms

Action                   |  1- 3 |  4- 6 |  7- 9 | 10-12 || total
-------------------------+-------+-------+-------+-------++-------
Melee: Spear             |    92 |       |       |       ||    92
       Unarmed           |    12 |       |       |       ||    12
       Dagger            |    31 |     7 |       |       ||    38
       Short sword       |       |    93 |   155 |       ||   248
       Scimitar          |       |       |       |    61 ||    61
 Cast: Magic Dart        |    34 |   131 |   210 |   200 ||   575
       Iskenderun's Myst |       |       |    20 |   145 ||   165
       Iskenderun's Batt |       |       |       |    22 ||    22
 Abil: Breathe Sticky Fl |       |       |     2 |       ||     2
Evoke: Wand              |       |       |     4 |       ||     4
  Use: Potion            |       |     4 |     4 |    10 ||    18
       Scroll            |       |     3 |     7 |     8 ||    18
 Stab: Sleeping          |     3 |       |     1 |       ||     4
  Eat: Chunk             |     2 |     8 |    27 |    50 ||    87
       Beef jerky        |       |       |     1 |       ||     1
